 Dungeon Crawl Stone Soup version 0.28.0-53-g5a82cb258f (webtiles) character file.

Game seed: 963315180484163454

191 Tiocfaidh the Grave Robber (level 5, 0/39 HPs)
             Began as a Ghoul Necromancer on May 28, 2022.
             Slain by a goblin
             ... wielding a +0 dagger
             ... led by Robin
              (4 damage)
             ... on level 3 of the Dungeon.
             The game lasted 00:15:43 (3517 turns).

Tiocfaidh the Grave Robber (Ghoul Necromancer)      Turns: 3517, Time: 00:15:44

Health: 0/39       AC:  3    Str: 12    XL:     5   Next: 70%
Magic:  4/8        EV: 12    Int: 12    God:
Gold:   37         SH:  0    Dex:  9    Spells: 8/10 levels left

rFire   . . .      SeeInvis .   f - +2 dagger (venom)
rCold   + . .      Faith    .   (no shield)
rNeg    + + +      Spirit   .   l - +0 robe {Archmagi}
rPois   ∞          Reflect  .   (no helmet)
rElec   .          Harm     .   (no cloak)
rCorr   .          Rampage  .   c - +0 pair of gloves
Will    .....      Archmagi +   (no boots)
Stlth   ++........              (no amulet)
HPRegen 0.00/turn               (no ring)
MPRegen 0.11/turn               (no ring)

@: inhibited regen
A: claws 1, cold resistance 1, negative energy resistance 3, inhibited
regeneration, torment resistance 2
a: no special abilities


You were on level 3 of the Dungeon.
You visited 1 branch of the dungeon, and saw 3 of its levels.

You collected 37 gold pieces.

Inventory:

Hand Weapons
 f - a +2 dagger of venom (weapon)
Armour
 c - a +0 pair of gloves (worn)
 l - a +0 robe of the Archmagi (worn)
Scrolls
 h - a scroll of immolation {unknown}
 i - a scroll of teleportation
 j - a scroll of summoning {unknown}
 k - a scroll of identify {unknown}
Potions
 b - 2 potions of might {unknown}
 d - a potion of brilliance {unknown}
 g - 2 potions of curing {unknown}


   Skills:
 + Level 0.5 Fighting
 + Level 0.9 Maces & Flails
 + Level 2.2 Dodging
 + Level 2.4 Stealth
 + Level 0.2 Unarmed Combat
 + Level 3.1 Spellcasting
 + Level 5.3 Necromancy


You had 8 spell levels left.
You knew the following spells:

 Your Spells              Type           Power      Damage    Failure   Level
a - Pain                  Necr           88%        1d8       2%          1
b - Animate Skeleton      Necr           44%        N/A       2%          1

Your spell library contained the following spells:

 Spells                   Type           Power      Damage    Failure   Level
 Vampiric Draining        Necr           22%        2d7       9%          3
 Animate Dead             Necr           11%        N/A       26%         4
 Agony                    Necr           22%        N/A       58%         5


Dungeon Overview and Level Annotations

Branches:
Dungeon (3/15)

Altars:
Zin

Shops:
D:2 [


Innate Abilities, Weirdness & Mutations

You thrive by killing the living.
You are immune to poison.
You have sharp fingernails.
Your flesh is cold resistant. (rC+)
You are immune to negative energy. (rN+++)
You do not regenerate when monsters are visible.
You are immune to unholy pain and torment.


Message History

You start resting.
Robin is nearby!
You don't have enough magic to cast this spell.
The goblin shouts!
You hear a shout!
Robin hits you from afar with a +0 spear.
A goblin comes into view. It is wielding a +0 dagger.
Robin closely misses you.
You barely miss Robin. Robin throws the goblin at you!
You hit Robin but do no damage.
Robin is poisoned.
The goblin misses you. Robin hits you with a +0 spear.
You hit Robin but do no damage.
Robin looks as sick as possible!
Robin is moderately wounded.
The goblin barely misses you.
A hobgoblin comes into view.
Robin hits you with a +0 spear. The goblin hits you but does no damage.
Robin says, "Feeling lonely?"
Robin throws the goblin at you!
You hit the goblin.
The goblin is severely wounded.
The goblin hits you with a +0 dagger. The goblin barely misses you.
A goblin comes into view. It is wielding a +0 dagger.
Robin roars a battlecry!
The goblins go into a battle-frenzy!
You hit the goblin.
You kill the goblin!
The goblin hits you with a +0 dagger. Robin hits you with a +0 spear.
The goblin hits you with a +0 dagger.
Robin hits you from afar with a +0 spear.
* * * LOW HITPOINT WARNING * * *
You see here a +0 dagger.
You kill Robin!
The goblin hits you with a +0 dagger.
* * * LOW HITPOINT WARNING * * *
The goblin hits you but does no damage. The hobgoblin hits you.
* * * LOW HITPOINT WARNING * * *
You hit the hobgoblin but do no damage.
The hobgoblin is poisoned.
The hobgoblin completely misses you. The goblin hits you with a +0 dagger.
You die...

#.###.#.# #.# ###.# #.#.# #.#
# #.>.# #..)### #g# # #.###
#.#...# #.# # ##.#####.#)#.#
#g# ##..........#.#.# #g##
..............#.# #.g#...
...##.#######g#.########..#...
..............gg@g...........#
##################.#####..g..g
# #.# #.....#K# #
######.#####.....ggg #
#.............##.#g#
#############.###.........#
.... ..............#
#..#.#.#### ###############
#......# #..#.#.#


You could see 2 hobgoblins and 2 goblins.

Vanquished Creatures
  A scorpion (D:2)
  Jessica (D:3)
  Robin (D:3)
  4 adders (D:2)
  An orc (D:2)
  4 endoplasms
  4 giant cockroaches
  10 goblins
  2 hobgoblins
  5 jackals
  6 ball pythons
  5 bats
  4 frilled lizards (D:1)
  7 kobolds
  6 rats
  A toadstool (D:1)
62 creatures vanquished.

Vanquished Creatures (others)
  3 toadstools (D:1)
3 creatures vanquished.

Grand Total: 65 creatures vanquished

Notes
Turn   | Place    | Note
-------+----------+-------------------------------------------
     0 | D:1      | Tiocfaidh the Ghoul Necromancer began the quest for the
                  | Orb.
     0 | D:1      | Reached XP level 1. HP: 14/14 MP: 2/2
   197 | D:1      | Reached XP level 2. HP: 10/20 MP: 1/3
   614 | D:1      | Found a faded altar of an unknown god.
  1093 | D:1      | Reached XP level 3. HP: 22/26 MP: 5/5
  2040 | D:2      | Noticed a scorpion
  2131 | D:2      | Found Cifaeser's Antique Armour Shop.
  2249 | D:2      | Reached XP level 4. HP: 13/33 MP: 0/6
  2432 | D:2      | Learned a level 1 spell: Animate Skeleton
  2582 | D:2      | Reached skill level 5 in Necromancy
  2898 | D:2      | Killed a scorpion
  2899 | D:2      | Reached XP level 5. HP: 13/39 MP: 1/8
  3119 | D:3      | Noticed Jessica
  3362 | D:3      | Killed Jessica
  3459 | D:3      | Noticed Robin
  3511 | D:3      | Killed Robin
  3517 | D:3      | Slain by a goblin

Illustrated notes

Levels and vault maps discovered:
D:1:      ldierk_water_garden, layout_basic, dreamdust_ecumenical_altar_grove
D:2:      layout_loops_ring, serial_shops, nicolae_shop_advertising_works
          [nicolae_subvault_shop_adworks], basic_altar, grunt_decor_cap,
          chequers_serial_rivers_room_a
D:3:      layout_loops_ring, nicolae_overflow_ecumenical_swirl, serial_glass,
          glass_columns_b, glass_columns_c, glass_columns_c, glass_columns_a,
          glass_columns_b, item_on_display_b, uniq_jessica, uniq_robin

Skill      XL: |  1  2  3  4  5 |
---------------+----------------+-----
Spellcasting   | 2 3 |  3.1
Dodging        | 2 |  2.2
Necromancy     | 5 |  5.3
Fighting       | |  0.5
Maces & Flails | |  0.9
Stealth        | |  2.4
Unarmed Combat | |  0.2

Action                   |  1- 3 |  4- 6 || total
-------------------------+-------+-------++-------
Melee: Unarmed           |    28 |       ||    28
       Whip              |    88 |    24 ||   112
       Dagger            |       |     6 ||     6
 Cast: Pain              |    65 |    43 ||   108
       Animate Skeleton  |       |     1 ||     1
  Use: Scroll            |       |     2 ||     2
 Stab: Sleeping          |     4 |       ||     4
Armor: Robe              |    34 |     9 ||    43
Dodge: Dodged            |   110 |    33 ||   143
